 Dungeon Crawl Stone Soup version 0.22.0-5-gf09313c8f9 (webtiles) character file.

3829 Htamos the Conjurer (level 9, -5/85 HPs)
             Began as a Troll Wizard on Aug 13, 2018.
             Slain by a chaos spawn (11 damage)
             ... on level 2 of the Abyss.
             The game lasted 00:27:26 (12193 turns).

Htamos the Conjurer (Troll Wizard)                 Turns: 12193, Time: 00:27:26

Health: -5/85      AC:  6    Str: 17    XL:     9   Next: 97%
Magic:  11/11      EV:  7    Int: 24    God:
Gold:   352        SH:  7    Dex:  8    Spells: 4/12 levels left

rFire    . . .     SeeInvis .     - Unarmed
rCold    . . .     Gourm    +   J - +0 shield of Cheibriados {Int+7} (curse)
rNeg     . . .     Faith    .   E - +0 robe (curse)
rPois    .         Spirit   .   b - +0 hat
rElec    .         Reflect  .   u - +0 cloak
rCorr    .         Harm     .   (gloves unavailable)
MR       .....                  (boots unavailable)
Stlth    +.........             (no amulet)
HPRegen  0.64/turn              (no ring)
MPRegen  0.12/turn              (no ring)

@: no status effects
A: large, unfitting armour, claws 3, fast metabolism 3, gourmand, regeneration
1, shaggy fur 1, tough skin 2
a: no special abilities


You were on level 2 of the Abyss.
You were not hungry.

You visited 1 branch of the dungeon, and saw 9 of its levels.
You visited the Abyss 1 time.

You collected 551 gold pieces.
You spent 199 gold pieces at shops.

Inventory:

Hand Weapons
 s - the +7 hand axe of Chagrin {flame, rC- rN+ MR++ Stlth+}
   (You took it off an orc on level 4 of the Dungeon)

   It has been specially enchanted to burn those struck by it, causing extra
   injury to most foes and up to half again as much damage against particularly
   susceptible opponents.
   Big, fiery blades are also staple armaments of hydra-hunters.
   It makes you vulnerable to cold.
   It protects you from negative energy.
   It affects your resistance to hostile enchantments.
   It makes you more stealthy.
 x - a +1 dagger of draining
 B - a +0 giant club
Missiles
 A - a throwing net (quivered)
Armour
 a - a +0 robe
 b - a +0 hat (worn)
 f - a +0 robe
 u - a +0 cloak (worn)
 y - a +0 troll leather armour
 E - a cursed +0 robe (worn)
 J - the cursed +0 shield of Cheibriados (worn) {Int+7}
   (You bought it in a shop on level 8 of the Dungeon)

   It affects your intelligence (+7).
   It has a curse placed upon it.
Jewellery
 n - a +4 ring of strength {unknown}
 z - an uncursed amulet of faith {unknown}
 G - a cursed ring of attention {unknown}
Wands
 C - a wand of disintegration (7)
 H - a wand of random effects (27)
Scrolls
 c - 4 scrolls of enchant weapon {unknown}
 g - 3 scrolls of blinking {unknown}
 h - 2 scrolls of random uselessness {unknown}
 i - 3 scrolls of enchant armour {unknown}
 j - 3 scrolls of fog {unknown}
 k - 4 scrolls of teleportation {unknown}
 m - 4 scrolls of magic mapping {unknown}
 q - 2 scrolls of fear {unknown}
 r - 10 scrolls of identify {unknown}
 t - 8 scrolls of remove curse {unknown}
 w - 2 scrolls of noise {unknown}
 D - a scroll of immolation {unknown}
 F - 2 scrolls of amnesia {unknown}
Potions
 e - 3 potions of curing {unknown}
 l - a potion of mutation {unknown}
 o - 4 potions of might {unknown}
 p - a potion of resistance {unknown}
 v - 2 potions of magic {unknown}
 I - a potion of lignification {unknown}
 K - a potion of agility {unknown}
Comestibles
 d - 21 rations


   Skills:
 + Level 4.6 Fighting
 + Level 4.7 Armour
 - Level 1.5 Dodging
 - Level 1.0 Stealth
 * Level 1.6 Shields
 + Level 5.6 Unarmed Combat
 - Level 2.0 Spellcasting
 + Level 7.5 Conjurations
   Level 0.6 Summonings
   Level 0.6 Translocations
 + Level 1.1 Earth Magic


You had 4 spell levels left.
You knew the following spells:

 Your Spells              Type           Power        Failure   Level  Hunger
a - Magic Dart            Conj           ####         2%          1    #......
b - Stone Arrow           Conj/Erth      ###...       28%         3    ###....
c - Airstrike             Air            #.........   99%         4    #####..

Your spell library contained the following spells:

 Spells                   Type           Power        Failure   Level  Hunger
 Conjure Flame            Conj/Fire      ###.....     36%         3    ###....
 Lightning Bolt           Conj/Air       ###.......   98%         5    ######.
 Slow                     Hex            #.......     65%         2    ##.....
 Mephitic Cloud           Conj/Pois/Air  ##......     52%         3    ###....
 Blink                    Tloc           N/A          56%         2    ##.....
 Call Imp                 Summ           #.......     56%         2    ##.....
 Shock                    Conj/Air       ###.         12%         1    #......
 Swiftness                Chrm/Air       #.......     65%         2    ##.....
 Passwall                 Tmut/Erth      #.......     56%         2    ##.....
 Static Discharge         Conj/Air       ###.....     36%         3    ###....
 Lee's Rapid Deconstruct  Erth           #.........   100%        5    ######.
 Sandblast                Erth           #.....       36%         1    #......
 Petrify                  Tmut/Erth      #.......     99%         4    #####..


Dungeon Overview and Level Annotations

Branches:
Dungeon (9/15)             Temple (0/1) D:6
   Lair: D:8-11         Orc: D:9-12

Altars:
Ashenzari
Cheibriados
Makhleb
Nemelex Xobeh
Sif Muna
Uskayaw
Wu Jian
Xom
Zin
Beogh

Shops:
D:6 (   D:8 [

Annotations:
D:7 exclusion: downstairs
D:9 Erolcha


Innate Abilities, Weirdness & Mutations

You are too large for most types of armour.
You have claws for hands.
Your metabolism is lightning-fast.
You like to eat raw meat.
Your natural rate of healing is unusually fast.
You are covered in fur. (AC +1)
You have very tough skin. (AC +2)


Message History

You are engulfed in a cloud of scalding steam.
* * * LOW HITPOINT WARNING * * *
You block the smoke demon's attack. The smoke demon hits you.
* * * LOW HITPOINT WARNING * * *
The smoke demon barely misses you.
Found a ration.
The smoke demon gestures at you. The ball of steam hits you!
* * * LOW HITPOINT WARNING * * *
You are engulfed in a cloud of scalding steam.
* * * LOW HITPOINT WARNING * * *
Found 19 stones.
A chaos spawn comes into view.
The chaos spawn growls angrily.
The smoke demon gestures at you. Something smites you!
* * * LOW HITPOINT WARNING * * *
A rakshasa comes into view. It is wielding a trident.
The chaos spawn hits you!
You die...

... ..........# . ..
#.# .##....# .##
#.##.#..##.#..#
.....#.#.#...3...# ##R
#..#...# ..#.# #..
#....3.##. ..# ##..
#.#ยงยง..##......
#..4###.......#......
#.#..@.#.....#.......#
#.....#....#....# ...
#.###....#.#..#..##..
..#.....##..##. #..##.
##......## #..##.#.#.
. #....### # ###.##. .
##... .. .# # #.#.. .
.### .(


You could see a rakshasa and a chaos spawn.

Vanquished Creatures
  The ghost of marsu the Poker, an amateur HuCK of Xom (D:4)
  Prince Ribbit (D:9)
  3 hippogriffs (D:8)
  Sigmund (D:4)
  A hungry ghost (D:8)
  An orc warrior (D:7)
  A sky beast (D:5)
  A phantom (D:5)
  4 ogres
  2 ice beasts
  A centaur (D:7)
  A crocodile (D:8)
  A gnoll sergeant (D:5)
  3 scorpions
  A howler monkey (D:6)
  4 wights (D:5)
  2 crimson imps
  4 hounds
  6 orc priests
  Jessica (D:2)
  4 iguanas
  9 orc wizards
  3 worker ants
  A worker ant zombie (D:5)
  17 gnolls
  A howler monkey skeleton (D:8)
  11 adders
  A shadow imp (D:5)
  An ooze (D:4)
  4 worms
  A dart slug (D:1)
  4 leopard geckos
  45 orcs
  A ball python (D:5)
  9 giant cockroaches
  3 goblins
  7 hobgoblins
  11 jackals
  9 kobolds
  3 quokkas
  8 bats
  15 frilled lizards
  A leopard gecko skeleton (D:6)
  A leopard gecko zombie (D:6)
  A quokka skeleton (D:5)
  A quokka zombie (D:6)
  13 rats
225 creatures vanquished.

Vanquished Creatures (others)
  A plant (D:5)
1 creature vanquished.

Grand Total: 226 creatures vanquished

Notes
Turn   | Place    | Note
-------+----------+-------------------------------------------
     0 | D:1      | Htamos the Troll Wizard began the quest for the Orb.
     0 | D:1      | Reached XP level 1. HP: 16/16 MP: 2/2
     2 | D:1      | Noticed a demigod
     2 | D:1      | Noticed a dwarf
     4 | D:1      | Noticed an octopode
     4 | D:1      | Noticed a minotaur
     6 | D:1      | Noticed a demonspawn
     6 | D:1      | Noticed a centaur
     8 | D:1      | Noticed a gargoyle
    10 | D:1      | Noticed a halfling
    10 | D:1      | Noticed a formicid
    12 | D:1      | Noticed an elf
    12 | D:1      | Noticed an ogre
    14 | D:1      | Noticed a spriggan
    14 | D:1      | Noticed a ghoul
    18 | D:1      | Noticed a tengu
    18 | D:1      | Noticed a human
    20 | D:1      | Noticed a vine stalker
    20 | D:1      | Noticed a naga
    22 | D:1      | Noticed a merfolk
    22 | D:1      | Noticed a felid
    24 | D:1      | Noticed a draconian
    26 | D:1      | Noticed a troll
    26 | D:1      | Noticed a vampire
    59 | D:1      | Reached skill level 1 in Conjurations
   207 | D:1      | Reached XP level 2. HP: 22/24 MP: 0/4
   626 | D:1      | Reached skill level 2 in Conjurations
   753 | D:1      | Found an ancient bone altar of Kikubaaqudgha.
   766 | D:1      | Found a shattered altar of Ashenzari.
   766 | D:1      | Found a stormy altar of Qazlal.
   790 | D:1      | Found a sparkling altar of Nemelex Xobeh.
   790 | D:1      | Found a deep blue altar of Sif Muna.
   790 | D:1      | Found a shimmering altar of Xom.
   876 | D:1      | Reached XP level 3. HP: 29/31 MP: 0/5
  1421 | D:2      | Reached skill level 3 in Conjurations
  1421 | D:2      | Reached XP level 4. HP: 28/39 MP: 3/6
  1505 | D:2      | Found a snail-covered altar of Cheibriados.
  1650 | D:2      | Noticed Jessica
  1657 | D:2      | Killed Jessica
  2087 | D:3      | Reached XP level 5. HP: 33/45 MP: 1/7
  2431 | D:3      | Found a hide-covered altar of Uskayaw.
  2431 | D:3      | Noticed a dagger
  2431 | D:3      | Noticed a hand axe
  2446 | D:3      | Reached skill level 4 in Conjurations
  3711 | D:3      | Reached XP level 6. HP: 49/53 MP: 3/8
  3899 | D:4      | Reached skill level 5 in Conjurations
  4349 | D:4      | Noticed Sigmund
  4895 | D:3      | Reached XP level 7. HP: 54/59 MP: 9/9
  5083 | D:4      | Killed Sigmund
  5083 | D:4      | Reached skill level 6 in Conjurations
  5804 | D:4      | Found a runed gate.
  5804 | D:4      | Found a runed gate.
  5804 | D:4      | Found a runed gate.
  5810 | D:4      | Noticed marsu's ghost (amateur HuCK)
  5886 | D:4      | Found a roughly hewn altar of Beogh.
  6244 | D:4      | Got a scorched hand axe {flame}
  6245 | D:4      | Identified the +7 hand axe of Chagrin {flame, rC- rN+ MR++ Stlth+} (You took it off an orc on level 4 of the Dungeon)
  6703 | D:4      | Killed marsu's ghost
  6703 | D:4      | Reached skill level 7 in Conjurations
  6703 | D:4      | Reached XP level 8. HP: 34/67 MP: 8/10
  6710 | D:5      | Entered Level 5 of the Dungeon
  6815 | D:5      | Found a burning altar of Makhleb.
  6875 | D:5      | Reached skill level 1 in Unarmed Combat
  6888 | D:5      | Reached skill level 1 in Fighting
  7010 | D:5      | Reached skill level 1 in Armour
  8941 | D:6      | Found a staircase to the Ecumenical Temple.
  9257 | D:5      | Reached XP level 9. HP: 54/81 MP: 11/11
  9424 | D:6      | Learned a level 3 spell: Stone Arrow
  9429 | D:6      | Learned a level 4 spell: Airstrike
  9443 | D:6      | Found Feet's Antique Weapon Boutique.
 11084 | D:8      | Found a glowing silver altar of Zin.
 11126 | D:8      | Reached skill level 5 in Unarmed Combat
 11391 | D:8      | Found Jihairch's Antique Armour Emporium.
 11438 | D:8      | Bought a pitted shield for 199 gold pieces
 11443 | D:8      | Identified the cursed +0 shield of Cheibriados {Int+7} (You bought it in a shop on level 8 of the Dungeon)
 11531 | D:8      | Reached skill level 1 in Shields
 11735 | D:8      | Found an ornate altar of the Wu Jian Council.
 11896 | D:8      | Reached skill level 1 in Earth Magic
 11988 | D:9      | Noticed Prince Ribbit
 12070 | D:9      | Killed Prince Ribbit
 12133 | D:9      | Noticed Erolcha
 12141 | D:9      | Cast into level 1 of the Abyss (Erolcha)
 12177 | Abyss:2  | Noticed a smoke demon
 12193 | Abyss:2  | Noticed a rakshasa
 12193 | Abyss:2  | Slain by a chaos spawn

Skill      XL: |  1  2  3  4  5  6  7  8  9 |
---------------+----------------------------+-----
Conjurations   | 1 2 3 4 5 7 |  7.5
Unarmed Combat | 3 5 |  5.6
Fighting       | 3 4 |  4.6
Armour         | 3 4 |  4.7
Shields        | 1 |  1.6
Earth Magic    | 1 |  1.1
Dodging        | |  1.5
Stealth        | |  1.0
Spellcasting   | |  2.0
Summonings     | |  0.6
Translocations | |  0.6

Action                   |  1- 3 |  4- 6 |  7- 9 || total
-------------------------+-------+-------+-------++-------
Melee: Unarmed           |    73 |   131 |   254 ||   458
       Hand axe          |       |       |   110 ||   110
       Punch             |       |       |     3 ||     3
 Cast: Magic Dart        |    67 |   189 |   304 ||   560
Evoke: Wand              |       |       |     6 ||     6
 Stab: Sleeping          |     1 |       |     1 ||     2
  Eat: Chunk             |    19 |    35 |    69 ||   123
Armor: Robe              |    19 |    43 |    71 ||   133
       Skin              |       |       |    33 ||    33
Dodge: Dodged            |    34 |   104 |   178 ||   316
Block: Shield            |       |       |    23 ||    23
